 Dungeon Crawl Stone Soup version 0.27-a0-1595-g0b823d0a13 (webtiles) character file.

Game seed: 18393057861428209682

646 quinnr the Zephyrmancer (level 7, -6/40 HPs)
             Began as a Tengu Air Elementalist on July 20, 2021.
             Killed by nerve-wracking pain
             ... invoked by an orc priest
              (14 damage)
             ... on level 5 of the Dungeon.
             The game lasted 00:08:56 (5353 turns).

quinnr the Zephyrmancer (Tengu Air Elementalist)    Turns: 5353, Time: 00:08:57

Health: -6/40      AC:  3    Str:  8    XL:     7   Next: 52%
Magic:  1/12       EV: 15    Int: 18    God:
Gold:   191        SH:  0    Dex: 20    Spells: 7/12 levels left

rFire    . . .     SeeInvis .   s - +2 flail (protect)
rCold    . . .     Faith    .   (no shield)
rNeg     . . .     Spirit   .   a - +0 robe
rPois    .         Reflect  .   (helmet restricted)
rElec    .         Harm     .   k - +0 cloak
rCorr    .         Rampage  .   (no gloves)
Will     .....                  (boots unavailable)
Stlth    +++.......             (no amulet)
HPRegen  0.13/turn              f - +6 ring of dexterity
MPRegen  0.13/turn              (no ring)

@: flying quickly and evasively, very slightly contaminated, quick
A: beak, talons 3, nimble flight
a: no special abilities


You were on level 5 of the Dungeon.
You visited 1 branch of the dungeon, and saw 5 of its levels.

You collected 275 gold pieces.
You spent 84 gold pieces at shops.

Inventory:

Hand Weapons
 g - a +2 flail of holy wrath
 l - a +2 mace of protection
 s - a +2 flail of protection (weapon)
Armour
 a - a +0 robe (worn)
 k - a +0 cloak (worn)
 q - a scarf of repulsion
Jewellery
 f - a +6 ring of dexterity (left hand)
Scrolls
 b - a scroll of silence {unknown}
 d - 2 scrolls of identify {unknown}
 e - a scroll of enchant armour {unknown}
 i - 3 scrolls of teleportation
 j - a scroll of fear
 n - a scroll of blinking {unknown}
 o - a scroll of amnesia {unknown}
 r - a scroll of magic mapping {unknown}
Potions
 c - 2 potions of curing {unknown}
 h - 2 potions of ambrosia {unknown}
 m - a potion of might {unknown}
 p - a potion of degeneration {unknown}


   Skills:
 - Level 2.0 Fighting
 - Level 2.1 Dodging
 + Level 3.6 Stealth
 - Level 3.0 Spellcasting
 - Level 1.3 Conjurations
 + Level 9.5 Air Magic


You had 7 spell levels left.
You knew the following spells:

 Your Spells              Type           Power      Damage    Failure   Level
a - Shock                 Conj/Air       88%        1d8       1%          1
b - Airstrike             Air            18%        N/A       3%          4

Your spell library contained the following spells:

 Spells                   Type           Power      Damage    Failure   Level
 Swiftness                Air            36%        N/A       1%          3
 Static Discharge         Conj/Air       22%        N/A       2%          2
 Foxfire                  Conj/Fire      20%        2x1d5     12%         1
 Conjure Flame            Conj/Fire      5%         6-21      36%         3
 Inner Flame              Hex/Fire       2%         N/A       43%         3


Dungeon Overview and Level Annotations

Branches:
Dungeon (5/15)
 Temple: D:4-7

Altars:

Shops:
D:2 *


Innate Abilities, Weirdness & Mutations

You have a beak for a mouth.
You have claws for feet.
Your magical nature lets you fly swiftly and evasively.


Message History

The orc priest is severely wounded.
The orc priest mumbles some strange prayers to Beogh against you.
Beogh smites you!
* * * LOW HITPOINT WARNING * * *
You are too injured to fight recklessly!
Unknown command.
Casting: Airstrike (dangerous; 3% risk of failure)
Confirm with . or Enter, or press ? or * to list all spells.
Aiming: Shock (safe; 1% risk of failure)
Press: ? - help, Shift-Dir - straight line, f/p - orc priest
Aim: an orc priest, wielding a +0 trident and wearing a +0 scale mail (severely wounded, 77% to hit)
The zap hits the orc priest.
You kill the orc priest!
Unknown command.
You start resting.
An orc comes into view. It is wielding a +2 vorpal falchion.
You are too injured to fight recklessly!
Unknown command.
You start resting.
An orc is nearby!
Casting: Shock (safe; 1% risk of failure)
Confirm with . or Enter, or press ? or * to list all spells.
Aiming: Shock (safe; 1% risk of failure)
Press: ? - help, Shift-Dir - straight line, f - orc
Aim: an orc, wielding a +2 vorpal falchion and wearing a +0 ring mail (wandering, hasn't noticed you, 77% to hit)
The zap misses the orc.
The orc shouts!
You hear a shout!
Unknown command.
Casting: Shock (safe; 1% risk of failure)
Confirm with . or Enter, or press ? or * to list all spells.
Aiming: Airstrike (dangerous; 3% risk of failure)
Press: ? - help, Dir - move target, f - orc priest, p - orc
Aim: an orc priest, wielding a +0 trident (wandering, hasn't noticed you)
You miscast Airstrike.
You are very lightly contaminated with residual magic.
Nothing appears to happen.
Unknown command.
The orc priest mumbles some strange prayers to Beogh against you.
Pain shoots through your body!
You die...

###### #.o..# #@##.#
################.##.#####
...............o........###
..).......................#####.#
.................................
........................#.#####.#
................).......#..#
...).......................######
................................#


You could see an orc priest and an orc.

Vanquished Creatures
  A sky beast (D:4)
  A scorpion (D:4)
  A hound (D:5)
  A centaur skeleton (D:5)
  5 orc priests
  Crazy Yiuf (D:2)
  Terence (D:2)
  An orc wizard (D:4)
  Natasha (thrice) (D:2)
  A howler monkey zombie (D:5)
  2 adders
  An adder zombie (D:3)
  3 worms
  4 dart slugs
  8 orcs
  10 ball pythons
  7 bats
  7 endoplasms
  4 giant cockroaches
  4 goblins
  7 hobgoblins
  5 jackals
  3 quokkas
  3 frilled lizards
  9 kobolds
  3 rats (D:1)
96 creatures vanquished.

Vanquished Creatures (others)
  13 plants (D:2)
13 creatures vanquished.

Grand Total: 109 creatures vanquished

Notes
Turn   | Place    | Note
-------+----------+-------------------------------------------
     0 | D:1      | quinnr the Tengu Air Elementalist began the quest for the
                  | Orb.
     0 | D:1      | Reached XP level 1. HP: 10/10 MP: 4/4
   194 | D:1      | Reached XP level 2. HP: 5/15 MP: 0/6
   515 | D:1      | Reached skill level 5 in Air Magic
  1143 | D:1      | Reached XP level 3. HP: 19/19 MP: 5/7
  1323 | D:2      | Noticed Natasha
  1330 | D:2      | Killed Natasha
  1331 | D:2      | Reached skill level 6 in Air Magic
  1363 | D:2      | Noticed Terence
  1417 | D:2      | Killed Terence
  1418 | D:2      | Reached XP level 4. HP: 12/24 MP: 0/8
  1786 | D:2      | Reached skill level 7 in Air Magic
  1933 | D:2      | Learned a level 4 spell: Airstrike
  2004 | D:2      | Noticed Natasha
  2010 | D:2      | Killed Natasha
  2011 | D:2      | Gained mutation: Your magical nature lets you fly swiftly
                  | and evasively. [Tengu growth]
  2011 | D:2      | Reached XP level 5. HP: 17/28 MP: 2/9
  2238 | D:2      | Noticed Natasha
  2241 | D:2      | Killed Natasha
  2289 | D:2      | Found a runed translucent door.
  2290 | D:2      | Noticed Crazy Yiuf
  2465 | D:2      | Found a faded altar of an unknown god.
  2606 | D:2      | Found Xuduowamn's General Store.
  2612 | D:2      | Bought a scroll of teleportation for 39 gold pieces
  2612 | D:2      | Bought a scroll of fear for 45 gold pieces
  3021 | D:2      | Killed Crazy Yiuf
  3610 | D:3      | Reached XP level 6. HP: 20/32 MP: 1/11
  3822 | D:3      | Reached skill level 8 in Air Magic
  4033 | D:4      | Noticed a sky beast
  4037 | D:4      | Killed a sky beast
  4456 | D:4      | Reached skill level 1 in Fighting
  4456 | D:4      | Reached skill level 9 in Air Magic
  4468 | D:4      | Reached XP level 7. HP: 12/38 MP: 4/12
  4925 | D:5      | Entered Level 5 of the Dungeon
  5320 | D:5      | HP: 4/40 [orc priest/divine providence (15)]
  5353 | D:5      | Killed from afar by an orc priest

Illustrated notes

Levels and vault maps discovered:
D:1:      co_arrival_square_in_a_square_in_a_square, layout_loops_ring,
          minmay_tromino_i4
D:2:      layout_loops_ring, serial_shops, nicolae_shop_waterfront,
          basic_ecumenical_altar, chequers_big_river, kennysheep_path_1,
          uniq_terence, uniq_crazy_yiuf_cottage, uniq_natasha
D:3:      layout_basic, corexii_hall_statues_x
D:4:      layout_basic
D:5:      layout_basic, minmay_temple_entry_mini_moons, minmay_puff

Skill      XL: |  1  2  3  4  5  6  7 |
---------------+----------------------+-----
Air Magic      | 5 6 7 9 |  9.5
Spellcasting   | 3 |  3.0
Fighting       | 1 2 |  2.0
Stealth        | 3 |  3.6
Dodging        | |  2.1
Conjurations   | |  1.3

Action                   |  1- 3 |  4- 6 |  7- 9 || total
-------------------------+-------+-------+-------++-------
Melee: Unarmed           |    11 |       |       ||    11
       Kick              |     3 |     2 |     3 ||     8
       Peck              |     2 |     1 |     1 ||     4
       Mace              |       |     6 |     2 ||     8
       Flail             |       |       |     7 ||     7
 Cast: Shock             |    59 |   133 |    31 ||   223
       Airstrike         |       |     7 |     6 ||    13
  Use: Scroll            |       |       |     1 ||     1
Armor: Robe              |     3 |     6 |     2 ||    11
Dodge: Dodged            |    12 |    12 |     9 ||    33

Table legend: (Time is in decaauts)
 A = Elapsed time spent in this place.
 B = Non-inter-level travel time spent in this place.
 C = Inter-level travel time spent in this place.
 D = Time resting spent in this place.
 E = Time spent auto-exploring this place.
 F = Levels seen in this place.
 G = Mean time per level.
                   A        B        C        D        E       F      G
               +--------+--------+--------+--------+--------+-----+--------+
         Total |   5216 |   5118 |     98 |    282 |   4281 |   5 | 1043.2 |
       Dungeon |   5216 |   5118 |     98 |    282 |   4281 |   5 | 1043.2 |
               +--------+--------+--------+--------+--------+-----+--------+

Top non-repeatable levels by time:
     D:2: 1896 daAuts
     D:1: 1200 daAuts
     D:4: 895 daAuts
     D:3: 805 daAuts
     D:5: 419 daAuts
